Workbook

Sheet Labor cost percentage
A1: Week | B1: Sales | C1: Paid hours | D1: Average wage | E1: Payroll taxes and benefits | F1: Labor cost | G1: Labor % | H1: Sales per labor hour | K1: Your numbers
A2: Oct 5 to 11 | B2: 6200 | C2: 120 | D2: =IF(A2="","",$L$2) -> 15 | E2: =IF(A2="","",$L$3) -> 0.1 | F2: =IF(OR(A2="",C2=""),"",C2*D2*(1+E2)) -> 1980 | G2: =IF(N(B2)=0,"",F2/B2) -> 0.31935484 | H2: =IF(N(C2)=0,"",B2/C2) -> 51.666667 | K2: Average wage an hour | L2: 15
A3: Oct 12 to 18 | B3: 5100 | C3: 118 | D3: =IF(A3="","",$L$2) -> 15 | E3: =IF(A3="","",$L$3) -> 0.1 | F3: =IF(OR(A3="",C3=""),"",C3*D3*(1+E3)) -> 1947 | G3: =IF(N(B3)=0,"",F3/B3) -> 0.38176471 | H3: =IF(N(C3)=0,"",B3/C3) -> 43.220339 | K3: Payroll taxes and benefits, a share of wages | L3: 0.1
A4: Oct 19 to 25 | B4: 6800 | C4: 124 | D4: =IF(A4="","",$L$2) -> 15 | E4: =IF(A4="","",$L$3) -> 0.1 | F4: =IF(OR(A4="",C4=""),"",C4*D4*(1+E4)) -> 2046 | G4: =IF(N(B4)=0,"",F4/B4) -> 0.30088235 | H4: =IF(N(C4)=0,"",B4/C4) -> 54.83871 | K4: Owner's unpaid hours in the period | L4: 240
A5: Oct 26 to Nov 1 | B5: 7400 | C5: 132 | D5: =IF(A5="","",$L$2) -> 15 | E5: =IF(A5="","",$L$3) -> 0.1 | F5: =IF(OR(A5="",C5=""),"",C5*D5*(1+E5)) -> 2178 | G5: =IF(N(B5)=0,"",F5/B5) -> 0.29432432 | H5: =IF(N(C5)=0,"",B5/C5) -> 56.060606 | K5: What an owner's hour is worth | L5: 20
D6: =IF(A6="","",$L$2) | E6: =IF(A6="","",$L$3) | F6: =IF(OR(A6="",C6=""),"",C6*D6*(1+E6)) | G6: =IF(N(B6)=0,"",F6/B6) | H6: =IF(N(C6)=0,"",B6/C6) | K6: Labor %, with the owner's hours | L6: =IF(N(B55)=0,"",(F55+L4*L5)/B55) -> 0.50788235
D7: =IF(A7="","",$L$2) | E7: =IF(A7="","",$L$3) | F7: =IF(OR(A7="",C7=""),"",C7*D7*(1+E7)) | G7: =IF(N(B7)=0,"",F7/B7) | H7: =IF(N(C7)=0,"",B7/C7)
D8: =IF(A8="","",$L$2) | E8: =IF(A8="","",$L$3) | F8: =IF(OR(A8="",C8=""),"",C8*D8*(1+E8)) | G8: =IF(N(B8)=0,"",F8/B8) | H8: =IF(N(C8)=0,"",B8/C8) | K8: Labor cost % = labor cost / sales. Labor cost = wages + payroll taxes and benefits.
D9: =IF(A9="","",$L$2) | E9: =IF(A9="","",$L$3) | F9: =IF(OR(A9="",C9=""),"",C9*D9*(1+E9)) | G9: =IF(N(B9)=0,"",F9/B9) | H9: =IF(N(C9)=0,"",B9/C9)
D10: =IF(A10="","",$L$2) | E10: =IF(A10="","",$L$3) | F10: =IF(OR(A10="",C10=""),"",C10*D10*(1+E10)) | G10: =IF(N(B10)=0,"",F10/B10) | H10: =IF(N(C10)=0,"",B10/C10)
D11: =IF(A11="","",$L$2) | E11: =IF(A11="","",$L$3) | F11: =IF(OR(A11="",C11=""),"",C11*D11*(1+E11)) | G11: =IF(N(B11)=0,"",F11/B11) | H11: =IF(N(C11)=0,"",B11/C11)
D12: =IF(A12="","",$L$2) | E12: =IF(A12="","",$L$3) | F12: =IF(OR(A12="",C12=""),"",C12*D12*(1+E12)) | G12: =IF(N(B12)=0,"",F12/B12) | H12: =IF(N(C12)=0,"",B12/C12)
D13: =IF(A13="","",$L$2) | E13: =IF(A13="","",$L$3) | F13: =IF(OR(A13="",C13=""),"",C13*D13*(1+E13)) | G13: =IF(N(B13)=0,"",F13/B13) | H13: =IF(N(C13)=0,"",B13/C13)
D14: =IF(A14="","",$L$2) | E14: =IF(A14="","",$L$3) | F14: =IF(OR(A14="",C14=""),"",C14*D14*(1+E14)) | G14: =IF(N(B14)=0,"",F14/B14) | H14: =IF(N(C14)=0,"",B14/C14)
D15: =IF(A15="","",$L$2) | E15: =IF(A15="","",$L$3) | F15: =IF(OR(A15="",C15=""),"",C15*D15*(1+E15)) | G15: =IF(N(B15)=0,"",F15/B15) | H15: =IF(N(C15)=0,"",B15/C15)
D16: =IF(A16="","",$L$2) | E16: =IF(A16="","",$L$3) | F16: =IF(OR(A16="",C16=""),"",C16*D16*(1+E16)) | G16: =IF(N(B16)=0,"",F16/B16) | H16: =IF(N(C16)=0,"",B16/C16)
D17: =IF(A17="","",$L$2) | E17: =IF(A17="","",$L$3) | F17: =IF(OR(A17="",C17=""),"",C17*D17*(1+E17)) | G17: =IF(N(B17)=0,"",F17/B17) | H17: =IF(N(C17)=0,"",B17/C17)
D18: =IF(A18="","",$L$2) | E18: =IF(A18="","",$L$3) | F18: =IF(OR(A18="",C18=""),"",C18*D18*(1+E18)) | G18: =IF(N(B18)=0,"",F18/B18) | H18: =IF(N(C18)=0,"",B18/C18)
D19: =IF(A19="","",$L$2) | E19: =IF(A19="","",$L$3) | F19: =IF(OR(A19="",C19=""),"",C19*D19*(1+E19)) | G19: =IF(N(B19)=0,"",F19/B19) | H19: =IF(N(C19)=0,"",B19/C19)
D20: =IF(A20="","",$L$2) | E20: =IF(A20="","",$L$3) | F20: =IF(OR(A20="",C20=""),"",C20*D20*(1+E20)) | G20: =IF(N(B20)=0,"",F20/B20) | H20: =IF(N(C20)=0,"",B20/C20)
... D53: =IF(A53="","",$L$2) | E53: =IF(A53="","",$L$3) | F53: =IF(OR(A53="",C53=""),"",C53*D53*(1+E53)) | G53: =IF(N(B53)=0,"",F53/B53) | H53: =IF(N(C53)=0,"",B53/C53)
A55: The period | B55: =SUM(B2:B54) -> 25500 | C55: =SUM(C2:C54) -> 494 | F55: =SUM(F2:F54) -> 8151 | G55: =IF(N(B55)=0,"",F55/B55) -> 0.31964706 | H55: =IF(N(C55)=0,"",B55/C55) -> 51.619433

Sheet Schedule to a target
A1: Week | B1: Sales forecast | C1: Target labor % | D1: Labor budget | E1: Hourly cost | F1: Hours to schedule | H1: Hours to schedule = sales forecast x target % / what an hour costs with taxes and benefits.
A2: Nov 2 to 8 | B2: 6000 | C2: 0.32 | D2: =IF(OR(B2="",C2=""),"",B2*C2) -> 1920 | E2: =IF(A2="","",'Labor cost percentage'!$L$2*(1+'Labor cost percentage'!$L$3)) -> 16.5 | F2: =IF(OR(D2="",N(E2)=0),"",D2/E2) -> 116.36364
A3: Nov 9 to 15 | B3: 6400 | C3: 0.32 | D3: =IF(OR(B3="",C3=""),"",B3*C3) -> 2048 | E3: =IF(A3="","",'Labor cost percentage'!$L$2*(1+'Labor cost percentage'!$L$3)) -> 16.5 | F3: =IF(OR(D3="",N(E3)=0),"",D3/E3) -> 124.12121
A4: Thanksgiving week | B4: 9800 | C4: 0.3 | D4: =IF(OR(B4="",C4=""),"",B4*C4) -> 2940 | E4: =IF(A4="","",'Labor cost percentage'!$L$2*(1+'Labor cost percentage'!$L$3)) -> 16.5 | F4: =IF(OR(D4="",N(E4)=0),"",D4/E4) -> 178.18182
D5: =IF(OR(B5="",C5=""),"",B5*C5) | E5: =IF(A5="","",'Labor cost percentage'!$L$2*(1+'Labor cost percentage'!$L$3)) | F5: =IF(OR(D5="",N(E5)=0),"",D5/E5)
D6: =IF(OR(B6="",C6=""),"",B6*C6) | E6: =IF(A6="","",'Labor cost percentage'!$L$2*(1+'Labor cost percentage'!$L$3)) | F6: =IF(OR(D6="",N(E6)=0),"",D6/E6)
D7: =IF(OR(B7="",C7=""),"",B7*C7) | E7: =IF(A7="","",'Labor cost percentage'!$L$2*(1+'Labor cost percentage'!$L$3)) | F7: =IF(OR(D7="",N(E7)=0),"",D7/E7)
D8: =IF(OR(B8="",C8=""),"",B8*C8) | E8: =IF(A8="","",'Labor cost percentage'!$L$2*(1+'Labor cost percentage'!$L$3)) | F8: =IF(OR(D8="",N(E8)=0),"",D8/E8)
D9: =IF(OR(B9="",C9=""),"",B9*C9) | E9: =IF(A9="","",'Labor cost percentage'!$L$2*(1+'Labor cost percentage'!$L$3)) | F9: =IF(OR(D9="",N(E9)=0),"",D9/E9)
D10: =IF(OR(B10="",C10=""),"",B10*C10) | E10: =IF(A10="","",'Labor cost percentage'!$L$2*(1+'Labor cost percentage'!$L$3)) | F10: =IF(OR(D10="",N(E10)=0),"",D10/E10)
D11: =IF(OR(B11="",C11=""),"",B11*C11) | E11: =IF(A11="","",'Labor cost percentage'!$L$2*(1+'Labor cost percentage'!$L$3)) | F11: =IF(OR(D11="",N(E11)=0),"",D11/E11)
D12: =IF(OR(B12="",C12=""),"",B12*C12) | E12: =IF(A12="","",'Labor cost percentage'!$L$2*(1+'Labor cost percentage'!$L$3)) | F12: =IF(OR(D12="",N(E12)=0),"",D12/E12)
D13: =IF(OR(B13="",C13=""),"",B13*C13) | E13: =IF(A13="","",'Labor cost percentage'!$L$2*(1+'Labor cost percentage'!$L$3)) | F13: =IF(OR(D13="",N(E13)=0),"",D13/E13)
D14: =IF(OR(B14="",C14=""),"",B14*C14) | E14: =IF(A14="","",'Labor cost percentage'!$L$2*(1+'Labor cost percentage'!$L$3)) | F14: =IF(OR(D14="",N(E14)=0),"",D14/E14)
D15: =IF(OR(B15="",C15=""),"",B15*C15) | E15: =IF(A15="","",'Labor cost percentage'!$L$2*(1+'Labor cost percentage'!$L$3)) | F15: =IF(OR(D15="",N(E15)=0),"",D15/E15)
D16: =IF(OR(B16="",C16=""),"",B16*C16) | E16: =IF(A16="","",'Labor cost percentage'!$L$2*(1+'Labor cost percentage'!$L$3)) | F16: =IF(OR(D16="",N(E16)=0),"",D16/E16)
... D29: =IF(OR(B29="",C29=""),"",B29*C29) | E29: =IF(A29="","",'Labor cost percentage'!$L$2*(1+'Labor cost percentage'!$L$3)) | F29: =IF(OR(D29="",N(E29)=0),"",D29/E29)

Sheet Read me
A1: Labor cost percentage formula
A2: From the article: https://www.tarostack.com/articles/labor-cost-percentage-formula
A4: Labor cost percentage: one line a week (or a day, or a month) with sales and paid hours; the labor cost, labor % and sales per labor hour fill in from your average wage and payroll taxes at the side. The owner's unpaid hours, priced at what an hour is worth, give a second labor %.
A5: Schedule to a target: a sales forecast and a target labor % give the labor budget and the hours you can schedule.
A6: The example is the article's made-up bakery's October.
A8: Works in Excel (2010 and later), Google Sheets, LibreOffice and Numbers. No macros.
A9: Free to use and change. Made by TaroStack, inventory and production software for small producers: https://www.tarostack.com
